 Dungeon Crawl Stone Soup version 0.30-a0-722-g3e6e8c874d (webtiles) character file.

Game seed: 10906774415002125909

344 Dittersdorf the Shield-Bearer (level 6, -7/40 HPs)
             Began as a Gargoyle Fighter on Jan 27, 2023.
             Mangled by Prince Ribbit (10 damage)
             ... on level 5 of the Dungeon.
             The game lasted 00:04:19 (3508 turns).

Dittersdorf the Shield-Bearer (Gargoyle Fighter)    Turns: 3508, Time: 00:04:19

Health: -7/40      AC: 12    Str: 22    XL:     6   Next: 58%
Magic:  6/6        EV:  9    Int:  8    God:
Gold:   174        SH:  4    Dex:  9    Spells: 5/5 levels left

rFire   . . .      SeeInvis .    r - +0 morningstar
rCold   . . .      Faith    .    c - +0 buckler
rNeg    + . .      Spirit   .    b - +0 scale mail
rPois   ∞          Reflect  .    a - +0 helmet
rElec   +          Harm     .    (no cloak)
rCorr   .          Rampage  .    (no gloves)
Will    .....                    (no boots) Stlth
                                 (no amulet)
HPRegen 0.26/turn                (no ring)
MPRegen 0.10/turn                (no ring)

@: no status effects
A: sickness immunity, AC +4, negative energy resistance 1, electricity
resistance, torment resistance 1, petrification resistance
a: no special abilities


You were on level 5 of the Dungeon.
You visited 2 branches of the dungeon, and saw 6 of its levels.

You collected 174 gold pieces.

Inventory:

Hand Weapons
 r - a +0 morningstar (weapon)
Missiles
 q - 4 poisoned darts (quivered)
Armour
 a - a +0 helmet (worn)
 b - a +0 scale mail (worn)
 c - a +0 buckler (worn)
Scrolls
 f - a scroll of identify
 g - a scroll of teleportation
 h - a scroll of fog
 s - a scroll of brand weapon
Potions
 d - a potion of might
 e - a potion of cancellation
 i - 2 potions of curing
 m - a potion of invisibility
 n - a potion of ambrosia
 o - a potion of flight


   Skills:
 + Level 4.8 Fighting
 + Level 3.7 Maces & Flails
 + Level 4.8 Armour
 + Level 4.8 Shields


You had 5 spell levels left.
You didn't know any spells.
Your spell library contained the following spells:

 Spells                   Type           Power      Damage    Failure   Level
 Freezing Cloud           Conj/Ice/Air   0%         6-21      100%        5
 Simulacrum               Ice/Necr       0%         N/A       100%        6
 Polar Vortex             Ice            0%         N/A       100%        9


Dungeon Overview and Level Annotations

Branches:
Dungeon (5/15)             Temple (1/1) D:4

Altars:
Ashenzari
Elyvilon
Fedhas
Makhleb
Qazlal
Ru
Sif Muna
Uskayaw
Wu Jian
The Shining One

Annotations:
D:5 Prince Ribbit


Innate Abilities, Weirdness & Mutations

You are immune to sickness and miasma.
Your stone body is resilient. (AC +4)
You are immune to poison.
You resist negative energy. (rN+)
You are resistant to electric shocks. (rElec)
You are resistant to unholy torment.
You are immune to petrification.


Message History

You barely miss the bullfrog zombie.
The bullfrog zombie is almost destroyed.
The bullfrog zombie hits you but does no damage.
The phantom barely misses you. You block the bullfrog zombie's attack.
You block the phantom's attack.
You hit the bullfrog zombie.
The bullfrog zombie is almost destroyed.
The bullfrog zombie hits you.
Prince Ribbit catches a baby bat with his tongue.
The phantom completely misses you. The bullfrog zombie misses you.
You are too injured to fight recklessly!
You are too injured to fight recklessly!
You are too injured to fight recklessly!
You are too injured to fight recklessly!
You are too injured to fight recklessly!
You are too injured to fight recklessly!
You are too injured to fight recklessly!
You are too injured to fight recklessly!
You are too injured to fight recklessly!
You are too injured to fight recklessly!
You are too injured to fight recklessly!
You are too injured to fight recklessly!
You are too injured to fight recklessly!
You are too injured to fight recklessly!
You are too injured to fight recklessly!
The bullfrog zombie attacks as you move away!
The bullfrog zombie hits you but does no damage.
The phantom hits you but does no damage.
The bullfrog zombie hits you.
Prince Ribbit blinks!
Prince Ribbit hits you!
* * * LOW HITPOINT WARNING * * *
Prince Ribbit blinks!
The bullfrog zombie attacks as you move away!
The bullfrog zombie hits you.
* * * LOW HITPOINT WARNING * * *
You block Prince Ribbit's attack. Prince Ribbit attacks as you move away!
Prince Ribbit hits you.
* * * LOW HITPOINT WARNING * * *
Prince Ribbit hits you!
You die...

##### ##...######
#.....#...### ###
#...........# #.##
##..........####..#
#.#.......Z.#....#
###....##FW.....##
#....#@##Z.....#
##......#####.........
#...#................
#...#.......####.....
##....#...... .....
##..#.#.....# ....
##...#.......# .8.
#............. ...
##..##.....


You could see Prince Ribbit, a phantom and a centaur zombie.

Vanquished Creatures
  A scorpion (D:5)
  2 jellies
  2 orc priests
  An iguana (D:4)
  Robin (D:3)
  2 adders
  6 dart slugs
  15 orcs
  7 ball pythons
  2 endoplasms
  2 giant cockroaches
  9 goblins
  8 hobgoblins
  7 jackals
  4 kobolds
  3 quokkas
  8 bats
  2 frilled lizards (D:3)
  3 rats (D:2)
85 creatures vanquished.

Notes
Turn   | Place    | Note
-------+----------+-------------------------------------------
     0 | D:1      | Dittersdorf the Gargoyle Fighter began the quest for the
                  | Orb.
     0 | D:1      | Reached XP level 1. HP: 14/14 MP: 1/1
    38 | D:1      | Found a faded altar of an unknown god.
    38 | D:1      | Noticed a golden eye
    41 | D:1      | Noticed a floating eye
    41 | D:1      | Noticed a great orb of eyes
    41 | D:1      | Noticed a golden eye
    75 | D:1      | Reached XP level 2. HP: 18/19 MP: 2/2
   391 | D:1      | Reached XP level 3. HP: 23/23 MP: 3/3
  1178 | D:2      | You fall into a shaft and drop 2 floors!
  1179 | D:4      | yay!
  1797 | D:3      | Reached XP level 4. HP: 12/29 MP: 4/4
  2043 | D:3      | Reached XP level 5. HP: 14/33 MP: 5/5
  2202 | D:3      | Identified the +2 helmet of the Game of Kings {*Corrode
                  | Dex+4}
  2202 | D:3      | Noticed Robin
  2252 | D:3      | Killed Robin
  2688 | D:4      | Found a staircase to the Ecumenical Temple.
  2711 | Temple   | Entered the Ecumenical Temple
  3032 | D:3      | Reached XP level 6. HP: 34/39 MP: 6/6
  3207 | D:4      | Found a hide-covered altar of Uskayaw.
  3404 | D:5      | Entered Level 5 of the Dungeon
  3493 | D:5      | Noticed Prince Ribbit
  3508 | D:5      | Mangled by Prince Ribbit

Illustrated notes

#####
...#.####
........###
..........
.##......##
...?......#
#..@.#
..........#
..........#
........###
........#
........#
.........
.........


Turn 1179 on D:4: yay!

Levels and vault maps discovered:
D:1:      dpeg_arrival_long_road, layout_loops_ring,
          hellmonk_ecumenical_altar_watching_god, serial_rivers,
          chequers_serial_rivers_large_a, chequers_serial_rivers_micro_b,
          chequers_serial_rivers_micro_e, chequers_serial_rivers_room_a,
          chequers_serial_rivers_marsh, patterned_corridor
D:2:      layout_loops_ring
D:3:      layout_rooms, minivault_24, uniq_robin
D:4:      layout_cave_pools, mainiacjoe_overflow_catwalk,
          minmay_temple_entry_proselytizer
D:5:      layout_cave_pools, serial_undead, serial_undead_c, serial_undead_e,
          serial_undead_d, serial_undead_f, nicolae_goblin_pals,
          uniq_prince_ribbit1
Temple:   hellmonk_temple_forest_ring

Skill      XL: |  1  2  3  4 |
---------------+-------------+-----
Fighting       | 4 |  4.8
Armour         | 4 |  4.8
Shields        | 4 |  4.8
Maces & Flails | 3 |  3.7

Action                     |  1- 3 |  4- 6 || total
---------------------------+-------+-------++-------
  Melee: Flail             |   119 |     1 ||   120
         Morningstar       |       |   183 ||   183
    Use: Scroll            |       |    12 ||    12
 Armour: Scale mail        |    63 |   145 ||   208
  Dodge: Dodged            |    67 |   110 ||   177
  Block: Buckler           |    25 |    58 ||    83

Table legend: (Time is in decaauts)
 A = Elapsed time spent in this place.
 B = Non-inter-level travel time spent in this place.
 C = Inter-level travel time spent in this place.
 D = Time resting spent in this place.
 E = Time spent auto-exploring this place.
 F = Levels seen in this place.
 G = Mean time per level.
                   A        B        C        D        E       F      G
               +--------+--------+--------+--------+--------+-----+--------+
         Total |   3635 |   3447 |    188 |    305 |   2372 |   6 |  605.8 |
       Dungeon |   3498 |   3316 |    182 |    305 |   2252 |   5 |  699.6 |
        Temple |    136 |    130 |      6 |      0 |    120 |   1 |  136.0 |
               +--------+--------+--------+--------+--------+-----+--------+

Top non-repeatable levels by time:
     D:1: 1161 daAuts
     D:3: 1012 daAuts
     D:4: 645 daAuts
     D:2: 569 daAuts
  Temple: 136 daAuts
     D:5: 110 daAuts
